 Dungeon Crawl Stone Soup version 0.30-a0-782-ge64f9170bb (webtiles) character file.

Game seed: 9898215766324555803

75 Nedwor the Cutter (level 4, 0/34 HPs)
             Began as a Demonspawn Gladiator on Feb 25, 2023.
             Slain by a lemure (1 damage)
             ... led by Pikel
             ... on level 4 of the Dungeon.
             The game lasted 00:02:17 (1762 turns).

Nedwor the Cutter (Demonspawn Gladiator)            Turns: 1762, Time: 00:02:17

Health: 0/34       AC:  4    Str: 16    XL:     4   Next: 11%
Magic:  4/4        EV: 12    Int:  9    God:
Gold:   205        SH:  0    Dex: 15    Spells: 3/3 levels left

rFire   . . .      SeeInvis .    a - +0 rapier
rCold   . . .      Faith    .    (no shield)
rNeg    . . .      Spirit   .    b - +0 leather armour
rPois   .          Reflect  .    c - +0 helmet
rElec   .          Harm     .    (no cloak)
rCorr   .          Rampage  .    (no gloves)
Will    .....                    (no boots)
Stlth   +                        (no amulet)
HPRegen 0.25/turn                (no ring)
MPRegen 0.09/turn                (no ring)

@: no status effects
A: demonic magic 1, demonic touch 2
a: no special abilities


You were on level 4 of the Dungeon.
You visited 1 branch of the dungeon, and saw 4 of its levels.

You collected 205 gold pieces.

Inventory:

Hand Weapons
 a - a +0 rapier (weapon)
Missiles
 r - 3 javelins (quivered)
Armour
 b - a +0 leather armour (worn)
 c - a +0 helmet (worn)
Jewellery
 m - a ring of magical power
 q - a +4 ring of protection
Scrolls
 e - 6 scrolls of identify {unknown}
 f - 4 scrolls of noise {unknown}
 i - 2 scrolls of enchant weapon {unknown}
 o - a scroll of fog {unknown}
Potions
 d - 7 potions of curing {unknown}
 g - a potion of haste {unknown}
 h - a potion of degeneration {unknown}
 j - a potion of heal wounds {unknown}
 k - a potion of lignification {unknown}
 l - a potion of flight {unknown}
 n - a potion of invisibility {unknown}
 p - a potion of berserk rage {unknown}


   Skills:
 + Level 2.6 Fighting
 * Level 3.5 Short Blades
 - Level 1.7 Throwing
 + Level 1.3 Armour
 + Level 3.1 Dodging


You had 3 spell levels left.
You didn't know any spells.
Your spell library contained the following spells:

 Spells                   Type           Power      Damage    Failure   Level
 Fireball                 Conj/Fire      0%         3d3       100%        5
 Iskenderun's Battlesphe  Conj           0%         2d6       100%        5
 Conjure Ball Lightning   Conj/Air       0%         3x3d6     100%        6
 Orb of Destruction       Conj           0%         9d5       100%        7


Dungeon Overview and Level Annotations

Branches:
Dungeon (4/15)
 Temple: D:4-7

Altars:
Qazlal

Shops:
D:1 (   D:4 [

Annotations:
D:4 Pikel


Innate Abilities, Weirdness & Mutations

Spells you cast may paralyse adjacent enemies.
Your touch may inflict irresistible damage on your foes.


Message History

There are monsters nearby!
A lemure comes into view.
The lemure shouts!
Found a weird jewelled staff.
The lemure barely misses you. The lemure hits you. Pikel closely misses you.
You hit Pikel.
Pikel is lightly wounded.
The lemure misses you. The lemure hits you.
Pikel hits you with a +1 whip of flaming!
Pikel burns you.
You closely miss Pikel. Your touch misses Pikel.
Pikel is lightly wounded.
The lemure closely misses you. The lemure hits you but does no damage.
Pikel hits you with a +1 whip of flaming.
Pikel burns you.
You are too injured to fight recklessly!
You are too injured to fight recklessly!
You are too injured to fight recklessly!
You are too injured to fight recklessly!
You are too injured to fight recklessly!
You are too injured to fight recklessly!
You are too injured to fight recklessly!
You are too injured to fight recklessly!
You are too injured to fight recklessly!
You are too injured to fight recklessly!
You are too injured to fight recklessly!
You are too injured to fight recklessly!
You are too injured to fight recklessly!
You are too injured to fight recklessly!
You are too injured to fight recklessly!
You barely miss Pikel.
You touch Pikel!
Pikel is moderately wounded.
The lemure barely misses you. The lemure hits you.
Pikel says, "Hell isn't that bad."
Pikel hits you with a +1 whip of flaming!
* * * LOW HITPOINT WARNING * * *
Pikel burns you.
* * * LOW HITPOINT WARNING * * *
The lemure hits you but does no damage. The lemure hits you.
You die...

...<.#.........
.....##..#.##### ......
....##..##.# .....
....##.... . .......
##.).....# ##......# #
####...#.## #..# ...#.#.
###..###..###.###.......
#.....##.###...#5K......
...............#@5.....|
..#.#...........55......
..####..#...............
#####..###..............
KS##....####...#........
.w.###..# #####...##...
.... #### ......... ∩...
......... ....#.


You could see Pikel and 4 lemures.

Vanquished Creatures
  3 adders
  5 ball pythons
  6 bats
  3 endoplasms
  2 giant cockroaches
  4 hobgoblins
  4 quokkas
  3 frilled lizards
  4 goblins
  6 kobolds
  9 rats
49 creatures vanquished.

Notes
Turn   | Place    | Note
-------+----------+-------------------------------------------
     0 | D:1      | Nedwor the Demonspawn Gladiator began the quest for the
                  | Orb.
     0 | D:1      | Reached XP level 1. HP: 16/16 MP: 1/1
    99 | D:1      | Gained mutation: Spells you cast may paralyse adjacent
                  | enemies. [demonic ancestry]
    99 | D:1      | Reached XP level 2. HP: 22/22 MP: 2/2
   206 | D:1      | Found Kuuss's Antique Weapon Shoppe.
   742 | D:2      | Gained mutation: Your touch may inflict minor irresistible
                  | damage on your foes. [demonic ancestry]
   742 | D:2      | Reached XP level 3. HP: 18/28 MP: 3/3
   823 | D:2      | Reached skill level 1 in Armour
  1604 | D:3      | Found a stormy altar of Qazlal.
  1648 | D:4      | Gained mutation: Your touch may inflict irresistible damage
                  | on your foes. [demonic ancestry]
  1648 | D:4      | Reached XP level 4. HP: 34/34 MP: 4/4
  1736 | D:4      | Found Guhurenn's Antique Armour Emporium.
  1756 | D:4      | Noticed Pikel
  1756 | D:4      | Noticed a lemure
  1756 | D:4      | Noticed a lemure
  1756 | D:4      | Noticed a lemure
  1757 | D:4      | Noticed a lemure
  1762 | D:4      | HP: 1/34 [Pikel/+1 whip of flaming (3)]
  1762 | D:4      | Slain by a lemure

Illustrated notes

Levels and vault maps discovered:
D:1:      dpeg_arrival_lava_altar, layout_rooms, serial_shops, shop_fountains,
          minmay_3d_cube
D:2:      layout_basic
D:3:      layout_loops_ring, mainiacjoe_overflow_alcove_2
D:4:      gammafunk_cloud_chamber, layout_cave_pools,
          grunt_temple_overflow_open, kennysheep_windowed_goal, uniq_robin,
          uniq_blork_the_orc, uniq_pikel

Skill      XL: |  1  2  3 |
---------------+----------+-----
Short Blades   | 3 |  3.5
Armour         | 1 |  1.3
Dodging        | 3 |  3.1
Fighting       | |  2.6
Throwing       | |  1.7

Action                     |  1- 3 |  4- 6 || total
---------------------------+-------+-------++-------
  Melee: Rapier            |   139 |    13 ||   152
         Touch             |     8 |     4 ||    12
   Stab: Sleeping          |     2 |       ||     2
 Armour: Leather armour    |    45 |     5 ||    50
  Dodge: Dodged            |   106 |     8 ||   114

Table legend: (Time is in decaauts)
 A = Elapsed time spent in this place.
 B = Non-inter-level travel time spent in this place.
 C = Inter-level travel time spent in this place.
 D = Time resting spent in this place.
 E = Time spent auto-exploring this place.
 F = Levels seen in this place.
 G = Mean time per level.
                   A        B        C        D        E       F      G
               +--------+--------+--------+--------+--------+-----+--------+
         Total |   1767 |   1704 |     63 |      0 |   1347 |   4 |  441.8 |
       Dungeon |   1767 |   1704 |     63 |      0 |   1347 |   4 |  441.8 |
               +--------+--------+--------+--------+--------+-----+--------+

Top non-repeatable levels by time:
     D:3: 668 daAuts
     D:1: 547 daAuts
     D:2: 430 daAuts
     D:4: 121 daAuts
